 Dungeon Crawl Stone Soup version 0.27-a0-512-g57cc695410 (webtiles) character file.

Game seed: 261993610952756636

44 kae the Chopper (level 3, -1/33 HPs)
             Began as a Hill Orc Fighter on Mar 3, 2021.
             Slain by Sigmund
             ... wielding a +0 scythe
              (2 damage)
             ... on level 2 of the Dungeon.
             The game lasted 00:00:49 (1850 turns).

kae the Chopper (Hill Orc Fighter)                  Turns: 1850, Time: 00:00:49

Health: -1/33      AC:  6    Str: 17 (19) XL:     3   Next: 60%
Magic:  3/3        EV:  7    Int:  5 (8)  God:
Gold:   67         SH:  8    Dex:  8 (10) Spells: 2/2 levels left

rFire    . . .     SeeInvis .   a - +0 war axe
rCold    . . .     Faith    .   c - +0 kite shield
rNeg     . . .     Spirit   .   b - +0 scale mail
rPois    .         Reflect  .   (no helmet)
rElec    .         Harm     .   (no cloak)
rCorr    .         Rampage  .   (no gloves)
Will     .....                  (no boots)
Stlth    ..........             (no amulet)
HPRegen  0.11/turn              (no ring)
MPRegen  0.08/turn              (no ring)

@: mighty, lethally poisoned (-1 -> -3)
A: no striking features
a: no special abilities


You were on level 2 of the Dungeon.
You visited 1 branch of the dungeon, and saw 2 of its levels.

You collected 67 gold pieces.

Inventory:

Hand Weapons
 a - a +0 war axe (weapon)
Armour
 b - a +0 scale mail (worn)
 c - a +0 kite shield (worn)
 i - a +0 hat
Jewellery
 h - a ring of protection from fire
Scrolls
 f - 2 scrolls of teleportation {unknown}
 g - a scroll of noise {unknown}
 k - 2 scrolls of fear {unknown}
 l - a scroll of random uselessness {unknown}
 m - a scroll of identify {unknown}
Potions
 j - 3 potions of curing {unknown}


   Skills:
 + Level 4.2 Fighting
 * Level 4.5 Axes
 - Level 3.2 Armour
 - Level 3.2 Shields


You had 2 spell levels left.
You didn't know any spells.
Your spell library was empty.

Dungeon Overview and Level Annotations

Branches:
Dungeon (2/15)

Altars:

Annotations:
D:2 Sigmund


Message History

You slash the adder!
The adder is almost dead.
The adder barely misses you. The adder bites you.
You closely miss the adder.
The adder is almost dead.
The adder bites you but does no damage. x2
You completely miss the adder.
The adder is almost dead.
The adder bites you but does no damage. You block the adder's attack.
You closely miss the adder.
The adder is almost dead.
Sigmund shouts!
You block the adder's attack. Sigmund barely misses you.
You block the adder's attack.
You feel very mighty all of a sudden. The adder closely misses you.
Sigmund hits you but does no damage. The adder bites you.
You are poisoned.
The adder poisons you!
You closely miss the adder.
The adder is almost dead.
You feel sick. You block the adder's attack.
Sigmund gestures at himself while chanting.
Sigmund flickers and vanishes!
Deactivating autopickup; reactivate with Ctrl-A.
You slice the adder!!
You kill the adder!
You feel sick. Something hits you but does no damage.
Something hits you but does no damage.
Things that are here:
a +0 club; an adder corpse You hit something.
You feel sick. Something hits you.
You miss something. Something hits you.
Your shield prevents you from hitting something.
You feel sick. Something hits you.
Your shield and scale mail prevent you from hitting something.
Something hits you!
* * * LOW HITPOINT WARNING * * *
You barely miss something. Something hits you.
You die...

#.####........#.รท#####.##.##.#
##.#####.###..##)..............
#........# #.......)..#.##.##.#
############.#.................
.........#.##..##(...#.##.#
.#########.##...#....#.##.#
#.###..#....# #.# #.# #..#....#
#@# #.......# .....!!{# ..
...... ..#.....# .#...##
#.##..# # #... #..# #..# #..#


There were no monsters in sight!

Vanquished Creatures
  2 adders (D:2)
  A leopard gecko (D:2)
  3 bats (D:1)
  A giant cockroach (D:1)
  2 goblins (D:2)
  4 hobgoblins
  2 quokkas (D:2)
  2 frilled lizards
  6 kobolds
  2 rats (D:2)
25 creatures vanquished.

Notes
Turn   | Place    | Note
-------+----------+-------------------------------------------
     0 | D:1      | kae the Hill Orc Fighter began the quest for the Orb.
     0 | D:1      | Reached XP level 1. HP: 19/19 MP: 1/1
   543 | D:1      | Reached XP level 2. HP: 24/27 MP: 2/2
  1587 | D:2      | Reached XP level 3. HP: 29/33 MP: 3/3
  1835 | D:2      | Noticed Sigmund
  1849 | D:2      | HP: 1/33 [something (11)]
  1850 | D:2      | Slain by Sigmund

Illustrated notes

Levels and vault maps discovered:
D:1:      dpeg_arrival_another_circle, layout_loops_corners,
          grunt_decor_one_mirror
D:2:      layout_basic, lemuel_round_altar, uniq_sigmund

Skill      XL: |  1  2 |
---------------+-------+-----
Axes           | 3 4 |  4.5
Fighting       | 4 |  4.2
Armour         | |  3.2
Shields        | |  3.2

Action                   || total
-------------------------++-------
Melee: War axe           ||   105
  Use: Potion            ||     2
Armor: Scale mail        ||    39
Dodge: Dodged            ||    33
Block: Kite shield       ||    59

Table legend: (Time is in decaauts)
 A = Elapsed time spent in this place.
 B = Non-inter-level travel time spent in this place.
 C = Inter-level travel time spent in this place.
 D = Time resting spent in this place.
 E = Time spent auto-exploring this place.
 F = Levels seen in this place.
 G = Mean time per level.
                   A        B        C        D        E       F      G
               +--------+--------+--------+--------+--------+-----+--------+
         Total |   1908 |   1846 |     62 |      0 |   1586 |   2 |  954.0 |
       Dungeon |   1908 |   1846 |     62 |      0 |   1586 |   2 |  954.0 |
               +--------+--------+--------+--------+--------+-----+--------+

Top non-repeatable levels by time:
     D:1: 1352 daAuts
     D:2: 555 daAuts
